 Dungeon Crawl Stone Soup version 0.18-a0-1773-gec4f98e (webtiles) character file.

135 dobroeutro the Covered (level 5, -1/33 HPs)
             Began as a Gargoyle Fighter on Apr 14, 2016.
             Slain by an ogre
             ... wielding a +0 giant club
              (24 damage)
             ... on level 3 of the Dungeon.
             The game lasted 00:04:37 (1964 turns).

dobroeutro the Covered (Gargoyle Fighter)           Turns: 1964, Time: 00:04:38

Health: -1/33      AC: 12    Str: 21    XL:     5   Next: 18%
Magic:  5/5        EV:  7    Int:  8    God:
Gold:   202        SH:  9    Dex:  9    Spells: 0 memorised, 4 levels left

rFire  . . .     SeeInvis .     j - +1 whip (vamp)
rCold  . . .     Gourm    .     b - +0 scale mail
rNeg   + . .     Faith    .     c - +0 shield
rPois  ∞         Spirit   .     (no helmet)
rElec  +         Dismiss  .     (no cloak)
rCorr  .         Reflect  .     r - +0 pair of gloves
SustAt .         Harm     .     (no boots)
MR     .....     Rnd*Tele +     (no amulet)
Stlth  ..........               (no ring)
                                h - ring of teleportation (curse)

@: not resistant to hostile enchantments, extremely unstealthy
A: negative energy resistance 1, electricity resistance, unbreathing,
petrification resistance, rot immunity, AC +4
a: no special abilities


You were on level 3 of the Dungeon.
You were very hungry.

You visited 1 branch of the dungeon, and saw 3 of its levels.

You collected 202 gold pieces.

Inventory:

Hand Weapons
 a - a +0 flail
 j - a +1 vampiric whip (weapon)
Armour
 b - a +0 scale mail (worn)
 c - a +0 shield (worn)
 r - a +0 pair of gloves (worn)
Jewellery
 h - a cursed ring of teleportation (left hand)
Scrolls
 i - 5 scrolls of identify {unknown}
 l - 2 scrolls of magic mapping {unknown}
 p - a scroll of remove curse {unknown}
 v - a scroll of fear {unknown}
 x - a scroll of blinking {unknown}
Potions
 d - a potion of might
 e - a potion of degeneration {unknown}
 g - 5 potions of flight {unknown}
 k - a potion of beneficial mutation {unknown}
 m - a potion of curing {unknown}
 n - a potion of brilliance {unknown}
 q - a potion of ambrosia {unknown}
 u - a potion of invisibility {unknown}
 z - a potion of heal wounds {unknown}
Comestibles
 f - 3 bread rations
 o - a slice of pizza
 t - 2 meat rations
 w - a royal jelly


   Skills:
 + Level 4.2 Fighting
 + Level 3.0 Maces & Flails
 + Level 4.5 Armour
 + Level 4.0 Shields


You had 4 spell levels left.
You didn't know any spells.

Dungeon Overview and Level Annotations

Branches:
Dungeon (3/15)

Altars:
Ashenzari
Elyvilon
Fedhas
Qazlal


Innate Abilities, Weirdness & Mutations

You are resistant to torment.
Your stone body is resilient (AC +4).
You are immune to poison.
You resist negative energy.
You are resistant to electric shocks.
You can survive without breathing.
You are immune to petrification.
You are immune to rotting.


Message History

You block the hobgoblin's attack.
Items here: )))) [ a hand axe; a club; a dagger; a robe; a short sword You barely miss the ogre.
The ogre barely misses you.
You whack the ogre!
You feel better.
The ogre is moderately wounded.
You block the ogre's attack.
You hit the ogre.
The ogre is moderately wounded.
You block the ogre's attack.
You hit the ogre.
The ogre is heavily wounded.
You hit the ogre.
You feel better.
The ogre is severely wounded.
You block the ogre's attack.
You whack the ogre!
You feel better.
The ogre is almost dead.
The ogre hits you with a giant club!!
Ouch! That really hurt!
You die...

.....#.#.....#.#.#.#.#.#...# ♣
....#.#.<.....#>#.#.#.#.#..# ♣♣.
.....#.#.....#.#.#.#.#.#.#.# ♣..
....#.#.#.....#.#.#.#.#.#..# ♣♣..
.....#.#.....#.#.#.#.#.#.#.# ...
....#.#.#....g#.#.#.#...÷..# ♣..
.#.#.#.#.#.#.#g#.#.#.#.....# ♣..
#.#.#.#.#.#.#.#O#.#.#......# ♣.
.#.#.#.#.#.#.#.#@#.#.#.....# ♣
#.#.#.#.#.#.#.#.#.#.#g.....# ♣
.#.#.#.#.#.#.#.#.#.#.#.....# ♣♣
#.#.#.#.#.#.#.#.#.#.#.|....## ♣♣.
.#.#.#.#.#.#.#.#.#O#.#......##♣..
#.#÷#.#.#.#.#.#.#.#.#............
.#.#.#.#.#.#.#.#.#.#.>.#.#..###..
#.#.#.#.#.#.#.#.#.#.#.#.#.#.# #..
.......#.#.#.#.#.#.#.#.#.#..# #..


You could see an ogre, a hobgoblin and a goblin.

Vanquished Creatures
  An orc wizard (D:3)
  2 oozes (D:3)
  2 worms
  A dart slug (D:3)
  4 giant geckos
  8 orcs (D:3)
  8 giant cockroaches
  4 goblins
  10 hobgoblins
  3 jackals (D:3)
  A quokka (D:3)
  A ball python (D:2)
  9 bats
  4 giant newts
  4 kobolds
  11 rats
73 creatures vanquished.

Vanquished Creatures (others)
  A bat (D:3)
1 creature vanquished.

Grand Total: 74 creatures vanquished

Notes
Turn   | Place    | Note
--------------------------------------------------------------
     0 | D:1      | dobroeutro the Gargoyle Fighter began the quest for the Orb.
     0 | D:1      | Reached XP level 1. HP: 14/14 MP: 1/1
    81 | D:1      | Reached XP level 2. HP: 19/19 MP: 2/2
   364 | D:1      | Reached XP level 3. HP: 20/23 MP: 3/3
  1048 | D:2      | Found a shattered altar of Ashenzari.
  1334 | D:3      | Reached XP level 4. HP: 29/29 MP: 4/4
  1432 | D:3      | Reached XP level 5. HP: 33/33 MP: 5/5
  1448 | D:3      | Found a white marble altar of Elyvilon.
  1468 | D:3      | Found a blossoming altar of Fedhas.
  1471 | D:3      | Found a stormy altar of Qazlal.
  1654 | D:3      | Noticed an ogre
  1964 | D:3      | Slain by an ogre

Vault maps used:
D:1:      ncdulo_smallfort, minivault_14, hangedman_decor_peaks_small,
          minmay_misc_feat_alley, hangedman_decor_push
D:2:      ashenzari_conservatory_becter, first_bread
D:3:      grunt_temple_overflow_forces_of_nature, lemuel_doored_altar,
          elyvilon_altar_3, uniq_crazy_yiuf_cottage

Skill      XL: |  1  2  3  4  5 |
---------------+----------------+-----
Armour         | 4 |  4.5
Fighting       | 4 |  4.2
Shields        | 4 |  4.0
Maces & Flails | 3 |  3.0

Action                   |  1- 3 |  4- 6 || total
-------------------------+-------+-------++-------
Melee: Flail             |   136 |       ||   136
       Whip              |    42 |   135 ||   177
  Eat: Chunk             |     2 |     1 ||     3
       Bread ration      |     1 |       ||     1
Armor: Scale mail        |    92 |    78 ||   170
Dodge: Dodged            |    69 |    43 ||   112
Block: Shield            |   105 |    77 ||   182
